AoeStats
← [CL] Al3jandr0.magn00

Arabia

504993125Analyzed
1v1 RM · 25d ago on Sep 7, 2026· 41m 33s· 2 players
Game mode
Random Map
Map size
Tiny (2 player)
Population
200
Speed
Normal
Resources
Standard
Victory
Conquest
Starting age
Dark Age
Ending age
Imperial Age
RankedLock teamsTeams togetherTeam positionsShared explorationLock speedFull tech treeHidden civsTurbo modeCheats
Victory
Defeat
🇦🇷 Poles · Argentina
1967
+15
🇦🇷 Tatars · Argentina
1936
-15
[CL] Al3jandr0.magn00
6:17 Loom
8:57 Feudal Age
9:15 Man-at-Arms
10:12 Double-Bit Axe
16:00 Fletching
17:48 Arson
23:02 Castle Age
21:09 Horse Collar
21:49 Gold Mining
23:05 Crossbowman
23:45 Bodkin Arrow
27:53 Bloodlines
27:43 Husbandry
28:16 Scale Barding Armor
28:22 Forging
32:01 Iron Casting
36:09 Wheelbarrow
39:25 Imperial Age
40:05 Gold Shaft Mining
39:41 Bow Saw
39:32 Heavy Plow
39:46 Heavy Camel Rider
42:21 Chain Barding Armor
RaggedCone8628
6:32 Loom
8:48 Feudal Age
10:31 Double-Bit Axe
12:18 Horse Collar
16:29 Fletching
22:39 Castle Age
21:14 Padded Archer Armor
21:27 Bloodlines
21:46 Scale Barding Armor
22:42 Elite Skirmisher
23:34 Bodkin Arrow
23:55 Leather Archer Armor
25:33 Gold Mining
26:42 Chain Barding Armor
26:32 Husbandry
30:03 Wheelbarrow
30:58 Forging
30:56 Stone Mining
32:07 Bow Saw
31:57 Heavy Plow
32:57 Hand Cart
35:46 Imperial Age
34:04 Bow Saw
33:54 Heavy Plow
34:00 Treadmill Crane
35:09 Szlachta Privileges
36:10 Iron Casting
36:06 Cavalier
37:09 Conscription
37:33 Crop Rotation
38:25 Blast Furnace
41:52 Stone Shaft Mining
Connection lost

Rejoining the realm…

Still unreachable

The connection could not be restored.

Session expired

The server has moved on; the page needs a fresh start.